 Dungeon Crawl Stone Soup version 0.26-a0-812-g31a745ddcd (webtiles) character file.

Game seed: 14152415677138489823

6128 kae the Martial Artist (level 10, -3/60 HPs)
             Began as a Tengu Transmuter on Nov 23, 2020.
             Was a Follower of Wu Jian.
             Slain by a yak (11 damage)
             ... on level 9 of the Dungeon.
             The game lasted 00:12:53 (12350 turns).

kae the Martial Artist (Tengu Transmuter)          Turns: 12350, Time: 00:12:53

Health: -3/60      AC:  6    Str: 19    XL:     10   Next: 89%
Magic:  14/18      EV: 19    Int: 14    God:    Wu Jian [*.....]
Gold:   150        SH:  0    Dex: 15    Spells: 6/19 levels left

rFire    . . .     SeeInvis .     - Unarmed
rCold    . . .     Faith    .   (shield currently unavailable)
rNeg     . . .     Spirit   .   b - +0 acid dragon scales
rPois    .         Reflect  .   (helmet restricted)
rElec    .         Harm     .   (no cloak)
rCorr    +         Rampage  .   (gloves currently unavailable)
MR       .....                  (boots unavailable)
Stlth    +.........             (no amulet)
HPRegen  0.20/turn              c - +6 ring of strength
MPRegen  0.16/turn              A - +4 ring of slaying

@: blade hands, flying quickly and evasively, quick
A: beak, talons 3, able to fly
a: Stop Flying, End Transformation, Renounce Religion


You were on level 9 of the Dungeon.
You worshipped Wu Jian.
Wu Jian was aware of your devotion.
You had blades for hands.
You visited 2 branches of the dungeon, and saw 11 of its levels.

You collected 752 gold pieces.
You spent 602 gold pieces at shops.

Inventory:

Armour
 a - a +0 robe
 b - +0 acid dragon scales (worn)
 p - the +1 leather armour of Damp Leaves {+Fly Str+3 Int+3}
   (You found it on level 7 of the Dungeon)

   It affects your strength (+3).
   It affects your intelligence (+3).
   It lets you fly.
 q - a +0 pair of gloves (melded)
Jewellery
 c - a +6 ring of strength (left scythe-like blade)
 g - an uncursed ring of protection from cold
 n - an uncursed ring of stealth
 A - a +4 ring of slaying (right scythe-like blade)
Wands
 l - a wand of digging (5)
 u - a wand of iceblast (27)
 z - a wand of random effects (37)
Scrolls
 i - 6 scrolls of remove curse
 j - 4 scrolls of teleportation
 o - 6 scrolls of fear
 v - a scroll of identify
 y - a scroll of enchant weapon
Potions
 d - a potion of haste
 e - 2 potions of attraction
 f - 2 potions of heal wounds
 h - a potion of magic
 k - a potion of cancellation
 m - a potion of ambrosia
 r - 2 potions of curing
 s - 2 potions of berserk rage
 t - 2 potions of might
 w - 2 potions of lignification
 x - 2 potions of mutation


   Skills:
 + Level 6.1 Fighting
 + Level 3.4 Armour
 + Level 7.0 Dodging
 * Level 9.9 Unarmed Combat
 - Level 5.0 Spellcasting
 * Level 7.4 Transmutations


You had 6 spell levels left.
You knew the following spells:

 Your Spells              Type           Power        Failure   Level
a - Beastly Appendage     Tmut           ###...       16%         1
b - Spider Form           Tmut/Pois      ##........   54%         3
c - Blade Hands           Tmut           ###.......   71%         5
d - Ice Form              Ice/Tmut       ##......     83%         4

Your spell library contained the following spells:

 Spells                   Type           Power        Failure   Level
 Wereblood                Tmut           ###.....     19%         2
 Animate Skeleton         Necr           #.....       65%         1
 Foxfire                  Conj/Fire      #...         65%         1
 Magic Dart               Conj           #...         65%         1
 Pain                     Necr           #...         65%         1
 Summon Small Mammal      Summ           #...         65%         1
 Blink                    Tloc           N/A          75%         2
 Call Imp                 Summ           #.......     75%         2
 Slow                     Hex            #.......     75%         2
 Call Canine Familiar     Summ           #.......     89%         3
 Conjure Flame            Conj/Fire      #.......     89%         3
 Inner Flame              Hex/Fire       #.......     89%         3
 Mephitic Cloud           Conj/Pois/Air  #.......     89%         3
 Summon Guardian Golem    Hex/Summ       #.......     89%         3
 Vampiric Draining        Necr           #.........   89%         3
 Animate Dead             Necr           #.........   99%         4
 Sticky Flame             Conj/Fire      #.......     99%         4
 Summon Ice Beast         Ice/Summ       #.......     99%         4
 Summon Lightning Spire   Summ/Air       #.......     99%         4
 Agony                    Necr           #.......     100%        5
 Fireball                 Conj/Fire      #.........   100%        5


Dungeon Overview and Level Annotations

Branches:
Dungeon (10/15)            Temple (1/1) D:7
   Lair: D:8-11         Orc: D:9-12

Altars:
Ashenzari
Cheibriados
Dithmenos
Elyvilon
Fedhas
Gozag
Hepliaklqana
Kikubaaqudgha
Makhleb
Nemelex Xobeh
Okawaru
Qazlal
Ru
Sif Muna
Trog
Uskayaw
Vehumet
Wu Jian
Xom
Yredelemnul
Zin
The Shining One

Shops:
D:5 =   D:9 ?!=?   D:10 !

Annotations:
D:5 exclusion: 2 doors
D:8 exclusion: 3 death yaks


Innate Abilities, Weirdness & Mutations

You have a beak for a mouth.
You have claws for feet.
You can fly continuously.


Message History

You kill the yak!
The Council accepts your kill. The yak misses you.
You hit the yak. You claw the yak.
The yak is lightly wounded.
The yak gores you but does no damage. The yak closely misses you.
The yak gores you but does no damage. The yak misses you. x2
The yak gores you!
You fly upwards.
There is a stone staircase leading down here.
You slash the yak! You claw the yak.
The yak is heavily wounded.
The yak gores you.
The yak gores you! x2; The yak barely misses you.
You are too injured to fight recklessly!
You slash the yak! You claw the yak.
The yak is heavily wounded.
The yak misses you. The yak gores you!
* * * LOW HITPOINT WARNING * * *
The yak gores you!
You die...

#>..................+...'...
#..........(####.####...###.
#.......[......#.# #...# #.
#...........##.#.# ##### #.
#............#.#.##########∩
########.#...#.#............
#.#...#.#......######
#.#.YY#.#......######
#.#.@................
######.#Y#Y###............
#............#....≈≈...≈..
#........#.#.#....≈≈≈.....
#..........#.#...≈##≈###..
#........###.#..≈.#≈≈≈≈#..
#####..#.###.#....#≈.8≈#≈≈
#..#..........≈≈>_≈#≈≈
#..#.#.......≈#≈≈≈≈≈≈.


You could see 4 yaks.

Vanquished Creatures
  A two-headed ogre (D:9)
  Maggie (D:7)
  A troll (D:9)
  Prince Ribbit (D:7)
  Grinder (D:5)
  A hornet (D:8)
  A yak (D:10)
  A wyvern (D:8)
  2 orc warriors
  2 ice beasts
  2 necrophages
  3 sky beasts
  A black bear (D:8)
  6 ogres
  2 centaurs
  3 bullfrogs
  A water moccasin zombie (D:7)
  3 scorpions
  7 killer bees
  5 wights (D:10)
  5 howler monkeys
  A bullfrog zombie (D:6)
  A quasit (D:7)
  3 centaur zombies
  5 hounds
  3 orc priests
  A centaur skeleton (D:4)
  A jelly (D:5)
  A bullfrog skeleton (D:10)
  3 orc wizards
  2 iguanas
  9 worker ants
  A killer bee zombie (D:5)
  3 hound skeletons
  3 gnolls
  9 adders
  A shadow imp (D:5)
  A white imp (D:7)
  5 ufetubi
  An ooze (D:4)
  5 adder skeletons
  5 worms
  2 dart slugs (D:2)
  5 leopard geckos
  33 orcs
  6 giant cockroaches
  9 goblins
  7 hobgoblins
  11 jackals
  7 kobolds
  3 quokkas
  A ball python (D:2)
  5 bats
  6 frilled lizards
  A giant cockroach zombie (D:5)
  A jackal skeleton (D:4)
  A leopard gecko zombie (D:7)
  5 rats
217 creatures vanquished.

Vanquished Creatures (others)
  2 plants
2 creatures vanquished.

Grand Total: 219 creatures vanquished

Notes
Turn   | Place    | Note
-------+----------+-------------------------------------------
     0 | D:1      | kae the Tengu Transmuter began the quest for the Orb.
     0 | D:1      | Reached XP level 1. HP: 12/12 MP: 4/4
   278 | D:1      | Found an iron altar of Okawaru.
   312 | D:1      | Reached XP level 2. HP: 7/16 MP: 3/6
  1469 | D:2      | Reached XP level 3. HP: 16/20 MP: 5/7
  2247 | D:2      | Reached XP level 4. HP: 20/25 MP: 8/8
  2443 | D:2      | Reached skill level 4 in Unarmed Combat
  2709 | D:2      | Learned a level 3 spell: Spider Form
  3122 | D:3      | Found a broken altar of Ashenzari.
  4219 | D:4      | Gained mutation: You can fly continuously. [Tengu growth]
  4219 | D:4      | Reached XP level 5. HP: 30/30 MP: 5/9
  4678 | D:4      | Noticed an ogre
  4690 | D:4      | Reached XP level 6. HP: 24/35 MP: 9/11
  4946 | D:4      | Reached skill level 5 in Unarmed Combat
  5207 | D:4      | Found a shimmering altar of Xom.
  5471 | D:5      | Entered Level 5 of the Dungeon
  5527 | D:5      | Reached XP level 7. HP: 34/40 MP: 10/12
  6308 | D:5      | Noticed Grinder
  6318 | D:5      | Killed Grinder
  6318 | D:5      | Reached skill level 6 in Unarmed Combat
  6318 | D:5      | Reached XP level 8. HP: 35/46 MP: 11/14
  6723 | D:5      | Found Leeqael's Jewellery Shoppe.
  7811 | D:6      | Reached skill level 5 in Transmutations
  7961 | D:6      | Reached skill level 5 in Dodging
  7961 | D:6      | Reached skill level 7 in Unarmed Combat
  8196 | D:7      | Reached XP level 9. HP: 28/52 MP: 13/16
  9159 | D:7      | Got a jewelled leather armour
  9175 | D:7      | Reached skill level 8 in Unarmed Combat
  9211 | D:7      | Found a sacrificial altar of Ru.
  9219 | D:7      | Found a staircase to the Ecumenical Temple.
  9299 | D:7      | Noticed Prince Ribbit
  9312 | D:7      | Killed Prince Ribbit
  9359 | D:7      | Noticed Maggie
  9419 | Temple   | Entered the Ecumenical Temple
  9477 | Temple   | Became a worshipper of the Wu Jian Council
  9567 | D:7      | Killed Maggie
  9567 | D:7      | Reached skill level 5 in Fighting
  9840 | D:7      | Reached skill level 5 in Spellcasting
  9903 | D:8      | Reached XP level 10. HP: 59/59 MP: 15/18
 10030 | D:8      | Reached skill level 1 in Armour
 10094 | D:8      | Learned a level 5 spell: Blade Hands
 10099 | D:8      | Learned a level 4 spell: Ice Form
 10232 | D:8      | Found a hazy altar of Hepliaklqana.
 10232 | D:8      | Found a shadowy altar of Dithmenos.
 10316 | D:8      | Noticed a death yak
 10353 | D:8      | Reached skill level 9 in Unarmed Combat
 10419 | D:8      | Noticed a death yak
 10719 | D:8      | Noticed a death yak
 10915 | D:9      | Found Zoagie Qaury's Magic Scroll Shoppe.
 10923 | D:9      | Bought a scroll of identify for 28 gold pieces
 10923 | D:9      | Bought a scroll of identify for 28 gold pieces
 10923 | D:9      | Bought a scroll of identify for 28 gold pieces
 10949 | D:9      | Found Dumonas's Distillery.
 10954 | D:9      | Bought a potion of curing for 45 gold pieces
 10954 | D:9      | Bought a potion of lignification for 45 gold pieces
 10954 | D:9      | Bought a potion of mutation for 120 gold pieces
 10954 | D:9      | Bought a potion of heal wounds for 75 gold pieces
 10962 | D:9      | Found a stormy altar of Qazlal.
 10981 | D:9      | Found Niviss's Jewellery Boutique.
 11065 | D:9      | Found a snail-covered altar of Cheibriados.
 11065 | D:9      | Noticed a two-headed ogre
 11066 | D:9      | Found a hide-covered altar of Uskayaw.
 11116 | D:9      | Killed a two-headed ogre
 11532 | D:9      | Found a burning altar of Makhleb.
 11682 | D:9      | Found Zowav's Magic Scroll Shop.
 11688 | D:9      | Bought a scroll of identify for 30 gold pieces
 11688 | D:9      | Bought a scroll of identify for 30 gold pieces
 11688 | D:9      | Bought a scroll of identify for 30 gold pieces
 11693 | D:9      | Identified the +1 leather armour of Damp Leaves {+Fly Str+3
                  | Int+3} (You found it on level 7 of the Dungeon)
 11939 | D:10     | Entered Level 10 of the Dungeon
 11939 | D:10     | Found Voaschiep's Distillery.
 11952 | D:10     | Bought a potion of mutation for 104 gold pieces
 11952 | D:10     | Bought a potion of lignification for 39 gold pieces
 12115 | D:10     | Reached * piety under Wu Jian
 12252 | D:10     | Noticed a two-headed ogre
 12350 | D:9      | Slain by a yak

Illustrated notes

Levels and vault maps discovered:
D:1:      evilmike_arrival_fibonacci_small, layout_basic,
          hangedman_abyss_or_decor_lesser_grid, chequers_garden,
          okawaru_ov_weapons_minmay
D:2:      kb_forest_paths, layout_basic
D:3:      layout_basic, lemuel_doored_altar
D:4:      layout_rooms, kennysheep_mini, kennysheep_boxes
D:5:      cheibrodos_two_vegetables, layout_basic, serial_shops, shop,
          uniq_grinder
D:6:      layout_loops_corners
D:7:      layout_cave_pools, overflow_temple_1_default,
          minmay_temple_entry_butterflies, uniq_maggie, uniq_prince_ribbit1
D:8:      layout_loops_ring, riverfiend_overflow_shadow_ancestor,
          dpeg_lair_monsters, grunt_decor_fettered
D:9:      layout_basic, lemuel_coloured_pillars_altar,
          nicolae_qazlal_general_emergency, gammafunk_temple_overflow_pools,
          serial_shops, shop, nicolae_shop_trees, shop, shop
D:10:     layout_layer_cave, serial_shops, shop, ebering_ghost_rock_garden
Temple:   cyrus_circular_temple

Skill      XL: |  1  2  3  4  5  6  7  8  9 10 |
---------------+-------------------------------+-----
Transmutations | 2 3 4 5 6 7 |  7.4
Unarmed Combat | 4 5 6 7 8 9 |  9.9
Dodging        | 3 4 5 6 7 |  7.0
Fighting       | 2 3 4 5 6 |  6.1
Spellcasting   | 3 4 5 |  5.0
Armour         | 3 |  3.4

Action                   |  1- 3 |  4- 6 |  7- 9 | 10-12 || total
-------------------------+-------+-------+-------+-------++-------
Melee: Unarmed           |    80 |   138 |   279 |   124 ||   621
       Kick              |    21 |    41 |    36 |    27 ||   125
       Headbutt          |     7 |    15 |    10 |     7 ||    39
       Peck              |    13 |    21 |    25 |    23 ||    82
       Punch             |     1 |     1 |     4 |     3 ||     9
 Cast: Beastly Appendage |    16 |    31 |    18 |    13 ||    78
       Spider Form       |       |     3 |    26 |     3 ||    32
       Blade Hands       |       |       |       |     4 ||     4
Invok: Lunge             |       |       |     3 |     7 ||    10
 Abil: Fly               |       |     1 |       |       ||     1
Evoke: Wand              |       |       |       |     5 ||     5
  Use: Scroll            |     3 |     2 |    10 |     7 ||    22
 Stab: Sleeping          |       |     1 |     6 |       ||     7
Armor: Robe              |     7 |    20 |     8 |     5 ||    40
       Skin              |       |       |     2 |       ||     2
       Acid dragon scale |       |       |       |    17 ||    17
Dodge: Dodged            |    48 |    93 |   255 |   127 ||   523

Table legend: (Time is in decaauts)
 A = Elapsed time spent in this place.
 B = Non-inter-level travel time spent in this place.
 C = Inter-level travel time spent in this place.
 D = Time resting spent in this place.
 E = Time spent auto-exploring this place.
 F = Levels seen in this place.
 G = Mean time per level.
                   A        B        C        D        E       F      G
               +--------+--------+--------+--------+--------+-----+--------+
         Total |  11849 |  11452 |    397 |   1078 |   8785 |  11 | 1077.2 |
       Dungeon |  11786 |  11399 |    387 |   1078 |   8746 |  10 | 1178.6 |
        Temple |     63 |     54 |      9 |      0 |     38 |   1 |   63.0 |
               +--------+--------+--------+--------+--------+-----+--------+

Top non-repeatable levels by time:
     D:3: 1559 daAuts
     D:5: 1545 daAuts
     D:6: 1491 daAuts
     D:1: 1385 daAuts
     D:2: 1336 daAuts
     D:9: 1277 daAuts
     D:4: 1125 daAuts
     D:7: 1050 daAuts
     D:8: 899 daAuts
    D:10: 115 daAuts
  Temple: 63 daAuts
